 Dungeon Crawl Stone Soup version 0.23.1 (webtiles) character file.

Game seed: 10580288398333756160

77 redwoodhats the Charmwright (level 4, 0/35 HPs)
             Began as a Barachi Skald on Mar 10, 2019.
             Slain by an orc
             ... wielding a +0 whip
              (3 damage)
             ... on level 3 of the Dungeon.
             The game lasted 00:12:35 (2918 turns).

redwoodhats the Charmwright (Barachi Skald)         Turns: 2918, Time: 00:12:35

Health: 0/35       AC:  4    Str: 12    XL:     4   Next: 33%
Magic:  5/7        EV: 12    Int: 15    God:
Gold:   129        SH:  0    Dex: 11    Spells: 1/7 levels left

rFire    x . .     SeeInvis .   a - +0 spear
rCold    + . .     Gourm    .   (no shield)
rNeg     . . .     Faith    .   b - +0 leather armour
rPois    .         Spirit   .   g - +0 helmet
rElec    .         Reflect  .   (no cloak)
rCorr    .         Harm     .   (no gloves)
MR       .....                  (no boots)
Stlth    +.........             (no amulet)
HPRegen  0.11/turn              f - ring of ice
MPRegen  0.10/turn              (no ring)

@: slow
A: +LOS, swims, mutation resistance 1, slowness 1, strong legs 1
a: Hop


You were on level 3 of the Dungeon.
You were not hungry.

You visited 1 branch of the dungeon, and saw 3 of its levels.

You collected 129 gold pieces.

Inventory:

Hand Weapons
 a - a +0 spear (weapon)
Missiles
 e - a throwing net (quivered)
Armour
 b - a +0 leather armour (worn)
 g - a +0 helmet (worn)
 h - a +0 plate armour
Jewellery
 d - an uncursed ring of protection from fire {unknown}
 f - a ring of ice (left hand)
Wands
 j - a wand of enslavement (10)
Scrolls
 c - 2 scrolls of remove curse {unknown}
 i - a scroll of immolation {unknown}
 k - a scroll of identify {unknown}
 m - a scroll of teleportation {unknown}
Comestibles
 l - a ration


   Skills:
 + Level 3.0 Fighting
 + Level 3.0 Polearms
 + Level 1.8 Armour
 + Level 2.7 Dodging
 + Level 0.1 Stealth
 + Level 2.3 Spellcasting
 + Level 3.8 Charms


You had one spell level left.
You knew the following spells:

 Your Spells              Type           Power        Failure   Level  Hunger
a - Infusion              Chrm           ##..         5%          1    #......
b - Spectral Weapon       Hex/Chrm       #.......     36%         3    ###....
c - Song of Slaying       Chrm           ##......     9%          2    ###....

Your spell library contained the following spells:

 Spells                   Type           Power        Failure   Level  Hunger
 Shroud of Golubria       Chrm/Tloc      #.........   19%         2    ###....
 Regeneration             Chrm/Necr      #.........   36%         3    ###....


Dungeon Overview and Level Annotations

Branches:
Dungeon (3/15)

Altars:
Cheibriados
Hepliaklqana
Sif Muna


Innate Abilities, Weirdness & Mutations

Shadows flee at your approach. (+LOS)
You can swim through water.
You cover ground slowly.
You can hop short distances.
You are somewhat resistant to further mutation.


Message History

Your spectral weapon fades away.
The orc closely misses you. The hobgoblin barely misses you.
You hit the orc.
The orc is heavily wounded.
The orc hits you with a +0 whip. The hobgoblin hits you with a +0 club.
You feel sick.
You see here a +0 mace.
You feel sick. The orc hits you with a +0 whip.
* * * LOW HITPOINT WARNING * * *
The hobgoblin misses you.
Your song is almost over.
You feel sick. The orc hits you with a +0 whip.
* * * LOW HITPOINT WARNING * * *
You feel sick.
Your song has ended.
You feel sick.
You are no longer poisoned.
The orc hits you with a +0 whip.
You die...

##.....#.†# #
#........###.##.# ..
#......†)#....... #.
#......†...# . ..
##........##.. .##.
#.......#...... .....
#.......#...#####.....
#.........### ....#
##...@.#.## ##)...#
##..o##.# ##.?# ....
###o...####).##.....
#.g.###............
#...###........##..
#..##..........#
#######....g........##
#..................##
#..............)...#


You could see 2 orcs and a hobgoblin.

Vanquished Creatures
  An adder (D:2)
  An ooze (D:1)
  A worm (D:2)
  A leopard gecko (D:1)
  4 orcs (D:3)
  9 bats
  2 giant cockroaches
  11 goblins
  4 hobgoblins (D:1)
  5 kobolds
  A quokka (D:3)
  5 frilled lizards
  9 rats
54 creatures vanquished.

Notes
Turn   | Place    | Note
-------+----------+-------------------------------------------
     0 | D:1      | redwoodhats the Barachi Skald began the quest for the Orb.
     0 | D:1      | Reached XP level 1. HP: 17/17 MP: 3/3
   299 | D:1      | Reached XP level 2. HP: 22/23 MP: 1/5
   520 | D:1      | Reached XP level 3. HP: 12/29 MP: 4/6
  1370 | D:1      | Gained mutation: You are somewhat resistant to further
                  | mutation. [potion of mutation]
  1396 | D:2      | Learned a level 3 spell: Spectral Weapon
  1399 | D:2      | Learned a level 2 spell: Song of Slaying
  1819 | D:2      | Found a snail-covered altar of Cheibriados.
  2007 | D:2      | Found a hazy altar of Hepliaklqana.
  2427 | D:2      | Found a deep blue altar of Sif Muna.
  2544 | D:2      | Reached XP level 4. HP: 35/35 MP: 3/7
  2918 | D:3      | Slain by an orc

Skill      XL: |  1  2  3  4 |
---------------+-------------+-----
Fighting       | 3 |  3.0
Polearms       | 3 |  3.0
Armour         | |  1.8
Dodging        | |  2.7
Stealth        | |  0.1
Spellcasting   | |  2.3
Charms         | |  3.8

Action                   |  1- 3 |  4- 6 || total
-------------------------+-------+-------++-------
Melee: Spear             |   156 |    36 ||   192
 Cast: Infusion          |     8 |       ||     8
       Spectral Weapon   |     4 |     1 ||     5
       Song of Slaying   |     2 |     1 ||     3
  Use: Scroll            |     2 |       ||     2
       Potion            |     1 |     1 ||     2
  Eat: Ration            |     2 |     1 ||     3
Armor: Leather armour    |    60 |    12 ||    72
Dodge: Dodged            |   156 |    44 ||   200
